 Dungeon Crawl Stone Soup version 0.31-a0-431-g88bdf31460 (webtiles) character file.

Game seed: 3761803795048375198

1000 Maxmaps the Trooper (level 8, -2/85 HPs)
             Began as an Octopode Shapeshifter on Aug 1, 2023.
             Slain by a yak (9 damage)
             ... on level 5 of the Dungeon.
             The game lasted 00:05:40 (4366 turns).

Maxmaps the Trooper (Octopode Shapeshifter)         Turns: 4366, Time: 00:05:41

Health: -2/85      AC: 28    Str: 15    XL:     8   Next: 19%
Magic:  8/8        EV:  2    Int: 12    God:
Gold:   224        SH:  0    Dex: 12    Spells: 7/7 levels left

rFire   + . .        e - +1 dagger (venom)
rCold   . . .        (no shield)
rNeg    . . .        (helmet currently unavailable)
rPois   +            (no amulet)
rElec   .            c - ring of protection from fire
rCorr   .            n - ring of willpower
SInv    .            t - +4 ring of protection
Will    +....        (no ring)
Stlth   +++          (no ring)
HPRegen 0.34/turn    (no ring)
MPRegen 0.11/turn    (no ring)
                     (no ring)

%: no passive effects
@: tree-form
A: stationary, stasis, torment immunity, boosted hp, almost no armour,
(amphibious), 8 rings, (camouflage 1), (gelatinous body 1), (nimble swimmer 1),
(tentacles)
a: no special abilities


You were on level 5 of the Dungeon.
You were a tree.
You visited 1 branch of the dungeon, and saw 5 of its levels.

You collected 224 gold pieces.

Inventory:

Hand Weapons
 e - a +1 dagger of venom (weapon)
Armour
 f - an orb of mayhem
 k - a +2 hat
Jewellery
 c - a ring of protection from fire (left branch)
 n - a ring of willpower (right branch)
 t - a +4 ring of protection (on tentacle)
Talismans
 b - a beast talisman
Wands
 g - a wand of paralysis (2)
 p - a wand of polymorph (10)
Scrolls
 d - a scroll of enchant weapon
 j - a scroll of poison
Potions
 h - a potion of degeneration
 i - a potion of might {unknown}
 l - 3 potions of ambrosia
 m - a potion of invisibility {unknown}
 o - a potion of heal wounds {unknown}
 q - 2 potions of haste
 r - a potion of brilliance {unknown}
 s - a potion of mutation {unknown}


   Skills:
 - Level 6.1 Fighting
 - Level 2.1 Short Blades
 + Level 5.0 Dodging
 - Level 6.1 Stealth
 - Level 3.0 Unarmed Combat
 - Level 3.0 Shapeshifting


You had 7 spell levels left.
You didn't know any spells.
Your spell library contained the following spells:

 Spells                   Type           Power      Damage    Failure   Level
 Summon Small Mammal      Summ           0%         N/A       32%         1
 Call Canine Familiar     Summ           0%         N/A       69%         3
 Inner Flame              Hex/Fire       0%         N/A       69%         3
 Portal Projectile        Hex/Tloc       0%         N/A       69%         3
 Summon Guardian Golem    Hex/Summ       0%         N/A       69%         3
 Tukima's Dance           Hex            0%         N/A       69%         3
 Iskenderun's Mystic Bla  Conj/Tloc      0%         2d3       97%         4
 Yara's Violent Unravell  Hex/Tmut       0%         3d3       100%        5
 Enfeeble                 Hex            0%         N/A       100%        7


Dungeon Overview and Level Annotations

Branches:
Dungeon (5/15)
 Temple: D:4-7

Altars:
Ashenzari
Cheibriados
Elyvilon
Hepliaklqana
Nemelex Xobeh


Innate Abilities, Weirdness & Mutations

You are a tree.
Your roots penetrate the ground, keeping you stationary.
You cannot be teleported.
You are immune to unholy pain and torment.
Your maximum health is greatly increased.
You cannot wear most types of armour.
((You are amphibious.))
You can wear up to eight rings at the same time.
((Your skin changes colour to match your surroundings (Stealth+).))
((Your rubbery body absorbs attacks. (AC +1, EV +1)))
((You are camouflaged when in or above water. (Stealth+)))
((You have tentacles for arms and can constrict up to eight enemies at once.))


Message History

The two-headed ogre is lightly wounded.
The yak gores you.
The two-headed ogre hits you with a +0 giant club.
The two-headed ogre hits you with a +0 giant club!
You hit the two-headed ogre but do no damage.
The two-headed ogre looks as sick as possible!
The two-headed ogre is lightly wounded.
The yak gores you but does no damage.
You hit the two-headed ogre but do no damage.
The two-headed ogre looks as sick as possible!
The two-headed ogre is lightly wounded.
The two-headed ogre hits you but does no damage. x2
The yak gores you but does no damage.
You hit the two-headed ogre.
The two-headed ogre is lightly wounded.
You barely miss the two-headed ogre.
The two-headed ogre is moderately wounded.
The yak gores you!
The two-headed ogre hits you with a +0 giant club!
* * * LOW HITPOINT WARNING * * *
The two-headed ogre hits you but does no damage.
You completely miss the two-headed ogre.
The two-headed ogre is moderately wounded.
The yak gores you but does no damage.
The two-headed ogre hits you but does no damage. x2
You hit the two-headed ogre but do no damage.
The two-headed ogre is moderately wounded.
The yak gores you but does no damage.
You hit the two-headed ogre but do no damage.
The two-headed ogre looks as sick as possible!
The two-headed ogre is moderately wounded.
The yak barely misses you.
The two-headed ogre hits you with a +0 giant club!
* * * LOW HITPOINT WARNING * * *
The two-headed ogre hits you with a +0 giant club!
* * * LOW HITPOINT WARNING * * *
You hit the yak.
The yak looks as sick as possible!
The yak is severely wounded.
The yak gores you!
You die...

#.......##..##.[....>
#.......##....####..#
#..........##.####.##
#...............#..##
##........###...)))...
#..............[.)####
#..##########.....# .
#..#Y.O○°?# #.....# .
#..#°♣# #.....#
#(.#..# ####....
#..#○.##### ####..
#..#☼☼°...# ...
#..#○.○...# ..
.#####..#####..#
.....#..#......#
.....#..#...†..#
###..#..#..#####


You could see a two-headed ogre (extremely poisoned) and a yak (extremely
poisoned).

Vanquished Creatures
  2 ogres (D:4)
  A scorpion (D:5)
  3 howler monkeys (D:5)
  2 hounds (D:5)
  A gnoll bouda (D:4)
  Jessica (D:3)
  6 iguanas
  4 orc wizards
  Natasha (thrice) (D:3)
  6 gnolls
  4 adders
  An ufetubus (D:5)
  3 worms (D:4)
  4 dart slugs
  16 orcs
  2 bats
  5 endoplasms
  5 giant cockroaches
  5 goblins
  8 hobgoblins
  2 jackals (D:3)
  4 kobolds
  4 quokkas
  5 ball pythons
  3 frilled lizards
  4 rats
104 creatures vanquished.

Notes
Turn   | Place    | Note
-------+----------+-------------------------------------------
     0 | D:1      | Maxmaps the Octopode Shapeshifter began the quest for the
                  | Orb.
     0 | D:1      | Reached XP level 1. HP: 13/13 MP: 1/1
   134 | D:1      | Reached XP level 2. HP: 19/19 MP: 2/2
   501 | D:1      | Reached XP level 3. HP: 25/25 MP: 3/3
   741 | D:2      | Found a broken altar of Ashenzari.
  1561 | D:3      | Reached skill level 1 in Short Blades
  1564 | D:3      | Noticed Natasha
  1571 | D:3      | Killed Natasha
  1572 | D:3      | Reached XP level 4. HP: 21/31 MP: 4/4
  1668 | D:3      | Reached XP level 5. HP: 10/36 MP: 5/5
  1788 | D:3      | Noticed Natasha
  1793 | D:3      | Killed Natasha
  1836 | D:3      | Noticed Natasha
  1842 | D:3      | Killed Natasha
  1939 | D:3      | Noticed Jessica
  1946 | D:3      | Killed Jessica
  2053 | D:3      | Found a sparkling altar of Nemelex Xobeh.
  2054 | D:3      | Found a white marble altar of Elyvilon.
  2058 | D:3      | Found a hazy altar of Hepliaklqana.
  2136 | D:3      | Reached XP level 6. HP: 44/44 MP: 6/6
  2887 | D:4      | Reached skill level 5 in Fighting
  2895 | D:4      | Reached XP level 7. HP: 5/52 MP: 7/7
  3401 | D:4      | Found a snail-covered altar of Cheibriados.
  3565 | D:5      | Entered Level 5 of the Dungeon
  3594 | D:5      | Reached skill level 5 in Stealth
  3692 | D:5      | Found a broken altar of Ashenzari.
  4166 | D:5      | Reached XP level 8. HP: 42/57 MP: 8/8
  4340 | D:5      | Reached skill level 5 in Dodging
  4347 | D:5      | Noticed a yak
  4348 | D:5      | Noticed a two-headed ogre
  4366 | D:5      | Slain by a yak

Illustrated notes

Levels and vault maps discovered:
D:1:      lemuel_arrival_cross, layout_loops_ring
D:2:      layout_loops_cross, basic_altar, grunt_decor_resistance,
          minmay_misc_feat_iff
D:3:      minmay_door_path, layout_basic,
          chequers_temple_overflow_statue_of_worship, kennysheep_jessica_study,
          uniq_natasha
D:4:      layout_loops_ring, cheibrodos_worm_habitat, nicolae_letterblocks
          [nicolae_letter_subblock, nicolae_letter_subblock,
          nicolae_letter_subblock, nicolae_letter_subblock,
          nicolae_letter_subblock, nicolae_letter_subblock,
          nicolae_letter_subblock, nicolae_letter_subblock,
          nicolae_letter_subblock, nicolae_letter_subblock,
          nicolae_letter_subblock, nicolae_letter_subblock,
          nicolae_letter_subblock, nicolae_letter_subblock,
          nicolae_letter_subblock, nicolae_letter_subblock,
          nicolae_letter_subblock, nicolae_letter_subblock,
          nicolae_letter_subblock, nicolae_letter_subblock,
          nicolae_letter_subblock, nicolae_letter_subblock,
          nicolae_letter_subblock, nicolae_letter_subblock,
          nicolae_letter_subblock]
D:5:      kennysheep_windowed_halls, layout_rooms,
          grunt_dithmenos_smoke_and_mirrors, lemuel_coloured_pillars_altar,
          ashenzari_altar_1, minmay_temple_entry_sparse_star

Skill      XL: |  1  2  3  4  5  6  7  8 |
---------------+-------------------------+-----
Fighting       | 2 3 4 6 |  6.1
Short Blades   | 2 |  2.1
Stealth        | 3 6 |  6.1
Dodging        | 4 5 |  5.0
Unarmed Combat | |  3.0
Shapeshifting  | |  3.0

Action                     |  1- 3 |  4- 6 |  7- 9 || total
---------------------------+-------+-------+-------++-------
  Melee: Unarmed           |    24 |       |       ||    24
         Tentacles         |    11 |    18 |    22 ||    51
         Constrict         |    14 |    19 |    28 ||    61
         Dagger            |    24 |    75 |   107 ||   206
         Punch             |     1 |     3 |     7 ||    11
    Use: Scroll            |       |       |    10 ||    10
         Potion            |       |       |     1 ||     1
   Stab: Sleeping          |     8 |     6 |    10 ||    24
 Armour: Skin              |     2 |     4 |    32 ||    38
  Dodge: Dodged            |    23 |    32 |    71 ||   126

Table legend: (Time is in decaauts)
 A = Elapsed time spent in this place.
 B = Non-inter-level travel time spent in this place.
 C = Inter-level travel time spent in this place.
 D = Time resting spent in this place.
 E = Time spent auto-exploring this place.
 F = Levels seen in this place.
 G = Mean time per level.
                   A        B        C        D        E       F      G
               +--------+--------+--------+--------+--------+-----+--------+
         Total |   4347 |   4233 |    114 |    803 |   2728 |   5 |  869.4 |
       Dungeon |   4347 |   4233 |    114 |    803 |   2728 |   5 |  869.4 |
               +--------+--------+--------+--------+--------+-----+--------+

Top non-repeatable levels by time:
     D:4: 1281 daAuts
     D:3: 923 daAuts
     D:2: 805 daAuts
     D:1: 715 daAuts
     D:5: 621 daAuts
